Map: Emerald City LE

Players

Maanu - Winner!

  • Race: Protoss Protoss
  • League: Platinum
  • Spawn Location: 11:00

Insideme - Winner!

  • Race: Zerg Zerg
  • League: Diamond
  • Spawn Location: 11:00

qqq

  • Race: Zerg Zerg
  • Spawn Location: 5:00

Massa

  • Race: Terran Terran
  • League: Platinum
  • Spawn Location: 5:00

VOD

Have the link to the VOD?

Description

Time

  • Played on: Feb. 18, 2021, 3:56 p.m.
  • Length: 6:33
Show
View Real Time Build Order
Export as new Build Order

Maanu Protoss - Winner!

Build Orders:  

Get SALT Encoding   

  12  0:01  Probe (Chrono Boost)  
  13  0:11  Probe (Chrono Boost)  
  14  0:16  Probe (Chrono Boost)  
  15  0:21  Pylon  
  15  0:39  Probe, Gateway  
  16  0:46  Assimilator  
  16  0:51  Probe  
  16  0:56  Forge  
  17  1:03  Pylon  
  17  1:07  Probe (Chrono Boost)  
  18  1:17  Probe (Chrono Boost)  
  19  1:27  Cybernetics Core  
  19  1:31  Zealot  
  21  1:39  Gateway  
  21  1:49  Probe  
  22  1:59  Gateway  
  23  2:01  Probe  
  23  2:06  Twilight Council  
  23  2:13  Assimilator  
  23  2:18  Zealot  
  25  2:24  Warp Gate  
  25  2:28  Zealot  
  27  2:36  Probe  
  28  2:46  Zealot  
  28  2:47  Charge (Chrono Boost)  
  30  2:57  Pylon  
  30  3:03  Protoss Ground Weapons Level 1  
  30  3:15  Zealot  
  30  3:16  Zealot  
  30  3:17  Zealot  
  36  3:27  Gateway  
  36  3:55  Nexus  
  36  4:12  Probe  
  37  4:24  Probe  
  37  4:30  Pylon  
  30  4:48  Zealot x2  
  30  4:49  Zealot x2  
  32  5:10  Zealot x2  
  32  5:11  Zealot  
  32  5:12  Zealot  
  40  5:48  Zealot x4  
  46  6:16  Stalker x4  
Show
View Real Time Build Order
Export as new Build Order

Insideme Zerg - Winner!

Build Orders: Pool First 

Get SALT Encoding   

  12  0:00  Drone  
  13  0:08  Drone  
  14  0:19  Overlord  
  14  0:22  Extractor  
  14  0:36  Spawning Pool  
  14  0:37  Drone  
  14  0:41  Extractor  
  13  0:47  Drone x2  
  15  0:53  Drone  
  16  0:59  Drone  
  17  1:10  Drone  
  18  1:22  Drone, Queen  
  21  1:39  Hatchery  
  20  1:42  Drone  
  21  1:48  Metabolic Boost  
  21  1:56  Overlord  
  21  2:02  Zergling x2  
  21  2:06  Evolution Chamber  
  21  2:08  Drone  
  22  2:14  Zergling x2  
  23  2:22  Queen  
  23  2:26  Zergling x2  
  26  2:30  Zergling x2  
  26  2:36  Zerg Melee Weapons Level 1  
  27  2:44  Zergling x4  
  27  2:45  Zergling x2  
  30  2:52  Zergling x2  
  30  2:57  Zergling x2  
  32  3:01  Zergling x2  
  33  3:06  Zergling x2  
  33  3:09  Lair  
  35  3:12  Zergling x2  
  35  3:17  Zergling x2  
  36  3:24  Overlord  
  36  3:30  Overlord  
  36  3:41  Overlord  
  36  3:43  Drone x2  
  36  3:45  Zergling x2  
  39  3:50  Zergling x2  
  39  3:52  Zergling x2  
  41  4:03  Zergling x6  
  41  4:04  Zergling x2  
  45  4:10  Drone x2  
  45  4:15  Spore Crawler  
  46  4:18  Drone  
  46  4:21  Drone  
  44  4:36  Zergling x8  
  42  4:40  Zergling x4  
  42  4:45  Zergling x4  
  44  4:46  Drone  
  44  4:48  Zergling x2  
  44  4:52  Zergling x2  
  47  4:54  Zergling x2  
  47  4:59  Zergling x4  
  47  5:09  Zergling x2  
  47  5:10  Zergling x4  
  46  5:14  Zergling x2  
  46  5:17  Zergling x4  
  46  5:18  Zergling x2  
  51  5:21  Zergling x2  
  51  5:24  Zergling x2  
  49  5:33  Zergling x2  
  47  5:36  Zergling x2  
  49  5:42  Zergling x2  
  49  5:54  Zergling x4  
  49  5:56  Zergling x2  
  50  6:04  Zergling x2  
  50  6:07  Zergling x2  
  50  6:14  Zergling x2  
Show
View Real Time Build Order
Export as new Build Order

qqq Zerg 

Build Orders: Hatch First 

Get SALT Encoding   

  12  0:00  Drone  
  13  0:11  Drone  
  14  0:19  Overlord  
  14  0:43  Hatchery  
  14  0:47  Drone  
  14  0:50  Drone  
  14  0:55  Drone  
  16  1:15  Extractor, Spawning Pool  
  14  1:29  Drone  
  14  1:30  Drone x2  
  17  1:41  Drone  
  18  2:01  Queen  
  18  2:02  Queen  
  18  2:03  Zergling x2  
  18  2:05  Zergling x2  
  25  2:08  Zergling x2  
  25  2:12  Drone  
  26  2:20  Metabolic Boost  
  26  2:29  Drone  
  27  2:30  Drone  
  27  2:34  Overlord  
  28  2:43  Overlord  
  28  2:52  Lair  
  28  2:54  Drone  
  28  2:57  Drone  
  30  3:03  Zergling x2  
  30  3:05  Drone  
  32  3:06  Drone  
  33  3:13  Drone  
  33  3:15  Zergling x2  
  33  3:16  Zergling x2  
  33  3:18  Zergling x2  
  37  3:24  Drone, Zergling x2  
  37  3:26  Zergling x2  
  40  3:31  Overlord  
  40  3:34  Zergling x2  
  41  3:36  Zergling x2  
  42  3:44  Zergling x4  
  42  3:46  Overlord  
  44  3:50  Zergling x2  
  44  3:51  Drone  
  44  3:53  Zergling x2  
  47  3:56  Drone  
  47  3:57  Drone  
  47  4:00  Drone  
  50  4:12  Spire  
  49  4:22  Zergling x10  
  49  4:23  Drone  
  49  4:24  Drone  
  49  4:32  Zergling x6  
  44  4:41  Zergling x2  
  45  4:49  Spine Crawler  
  45  4:52  Zergling x2  
  45  4:53  Zergling x4  
  45  4:54  Drone x4  
  45  4:57  Extractor  
  50  5:01  Spine Crawler  
  50  5:02  Spine Crawler  
  50  5:06  Zergling x2  
  43  5:07  Drone  
  41  5:20  Drone  
  42  5:23  Drone  
  42  5:27  Extractor  
  42  5:31  Mutalisk x2  
  42  5:33  Zergling x2  
  42  5:34  Zergling x4  
  45  5:44  Mutalisk  
  45  5:45  Zergling x4  
  42  5:51  Zergling x2  
  42  5:53  Zergling x2  
  42  6:00  Zergling x4  
  42  6:01  Zergling x4  
  45  6:07  Mutalisk  
  45  6:08  Zergling x2  
  45  6:09  Zergling x4  
Show
View Real Time Build Order
Export as new Build Order

Massa Terran 

Build Orders:  

Get SALT Encoding   

  12  0:00  SCV  
  13  0:13  SCV  
  14  0:19  Supply Depot  
  14  0:25  SCV  
  15  0:35  Refinery  
  15  0:40  SCV  
  16  0:46  Barracks  
  16  0:52  SCV  
  17  1:05  SCV  
  18  1:17  SCV  
  19  1:29  SCV  
  20  1:35  Barracks  
  20  1:39  Barracks  
  20  1:42  Supply Depot  
  20  1:47  Barracks Tech Lab  
  20  1:49  Orbital Command  
  20  2:06  Marine, Stimpack  
  21  2:15  SCV  
  22  2:18  Supply Depot  
  22  2:23  Marine  
  22  2:24  Marine  
  24  2:32  Marine  
  25  2:41  Marine  
  25  2:42  Marine  
  27  2:49  Engineering Bay  
  27  2:50  Marine  
  28  2:59  Marine  
  28  3:00  Marauder  
  31  3:08  Marine  
  32  3:15  Terran Infantry Weapons Level 1  
  32  3:16  Supply Depot  
  32  3:17  Marine  
  32  3:19  Missile Turret  
  33  3:21  Marine  
  33  3:26  Marine  
  35  3:34  Marine  
  35  3:40  Marauder  
  38  3:44  Marine  
  39  3:57  Combat Shield  
  39  3:58  Command Center  
  39  4:01  Marauder  
  41  4:07  Supply Depot  
  40  4:19  Factory  
  40  4:20  Marine x2  
  40  4:22  Marauder  
  33  4:40  Marine x2  
  33  4:44  Marauder  
  31  4:58  Marine x2  
  31  4:59  SCV  
  34  5:05  Marauder  
  34  5:06  Factory Tech Lab  
  36  5:11  Orbital Command, SCV  
  37  5:18  Marine x2  
  39  5:27  Marauder  
  29  5:36  Marine x2  
  29  5:38  Widow Mine  
  29  5:48  Marauder  
  31  5:51  Barracks x2  
  28  5:57  Marine x2  
  27  6:14  Barracks  
  27  6:17  Bunker  
Tags
 
Add a new tag
Caveats
  • Supply blocks, unpowered buildings, or Contaminate may cause inaccurate times.
  • Supply counts are checked every 10 seconds.